AoeStats
← Nicolasbecerra

Arena

509000501Analyzed
3v3 RM · 6d ago on Sep 25, 2026· 80m 5s· 6 players
Game mode
Random Map
Map size
Normal (6 player)
Population
200
Speed
Normal
Resources
Standard
Victory
Conquest
Starting age
Dark Age
Ending age
Imperial Age
RankedLock teamsTeams togetherTeam positionsShared explorationLock speedFull tech treeHidden civsTurbo modeCheats
Victory
Defeat
🇦🇷 Berbers · Argentina
1021
+18
🇨🇱 Romans · Chile
1006
+18
🇦🇷 Khmer · Argentina
993
+19
🇦🇷 Burgundians · Argentina
1069
-18
🇦🇷 Bulgarians · Argentina
1062
-19
🇦🇷 Portuguese · Argentina
1048
-18
alcalyx93
10:32 Feudal Age
14:48 Castle Age
12:51 Double-Bit Axe
17:32 Gold Mining
23:31 Bloodlines
23:59 Horse Collar
26:49 Husbandry
28:09 Bow Saw
28:05 Heavy Plow
29:06 Gold Shaft Mining
29:42 Forging
34:18 Imperial Age
31:42 Stone Mining
32:08 Fervor
32:41 Iron Casting
33:37 Scale Barding Armor
34:55 Wheelbarrow
35:10 Heavy Camel Rider
35:52 Town Watch
37:11 Blast Furnace
36:32 Chain Barding Armor
37:09 Stone Shaft Mining
37:06 Crop Rotation
38:07 Hand Cart
37:54 Town Patrol
37:41 Loom
40:49 Plate Barding Armor
41:03 Light Cavalry
42:01 Fletching
43:58 Hussar
45:17 Conscription
53:04 Maghrebi Camels
57:03 Bodkin Arrow
63:10 Scale Mail Armor
65:36 Kasbah
66:16 Pikeman
66:56 Squires
67:19 Chain Mail Armor
72:06 Plate Mail Armor
72:29 Arson
74:42 Hoardings
74:24 Cavalier
75:25 Bracer
Nicolasbecerra
10:53 Feudal Age
14:35 Castle Age
13:01 Double-Bit Axe
15:31 Bow Saw
15:26 Horse Collar
17:44 Heavy Plow
19:47 Loom
22:52 Wheelbarrow
24:06 Stone Mining
25:22 Fletching
26:05 Hand Cart
28:10 Gold Mining
28:40 Bodkin Arrow
30:32 Padded Archer Armor
33:16 Imperial Age
31:24 Ballistas
32:35 Scale Barding Armor
32:40 Forging
33:08 Fortified Wall
33:19 Ballistics
33:12 Fortified Wall
32:50 Town Watch
33:51 Chain Barding Armor
34:06 Iron Casting
33:45 Bloodlines
33:36 Husbandry
34:23 Comitatenses
34:49 Crop Rotation
34:45 Town Patrol
34:11 Heavy Scorpion
35:16 Conscription
34:45 Cavalier
36:10 Gold Shaft Mining
36:55 Chemistry
36:01 Siege Engineers
36:32 Onager
41:35 Elite Centurion
45:35 Murder Holes
46:46 Pikeman
47:56 Scale Mail Armor
48:56 Blast Furnace
50:52 Guilds
50:06 Capped Ram
51:22 Light Cavalry
55:45 Siege Ram
57:28 Man-at-Arms
58:18 Long Swordsman
61:38 Legionary
62:23 Squires
61:53 Halberdier
77:16 Caravan
PNAL | Mark Max 77
10:52 Feudal Age
9:09 Loom
14:41 Castle Age
13:25 Double-Bit Axe
13:21 Horse Collar
15:56 Bow Saw
17:02 Wheelbarrow
30:15 Imperial Age
27:34 Town Watch
30:18 Hand Cart
30:05 Town Patrol
30:18 Town Patrol
30:17 Pikeman
31:51 Arson
32:40 Ballistics
32:36 Fortified Wall
32:38 Masonry
34:58 Conscription
36:00 Scale Mail Armor
35:52 Fletching
39:12 Halberdier
40:46 Chain Mail Armor
40:43 Forging
42:38 Bloodlines
42:28 Husbandry
41:50 Light Cavalry
42:36 Cavalier
44:03 Scale Barding Armor
43:54 Bodkin Arrow
44:35 Iron Casting
59:09 Hussar
75:52 Chain Barding Armor
77:34 Plate Barding Armor
Baldunets
6:53 Loom
9:27 Feudal Age
9:52 Double-Bit Axe
11:12 Horse Collar
16:08 Wheelbarrow
18:22 Castle Age
16:37 Gold Mining
17:33 Scale Barding Armor
17:39 Forging
17:34 Scale Mail Armor
18:13 Fletching
19:57 Bodkin Arrow
20:22 Stone Mining
21:00 Bow Saw
21:54 Stone Shaft Mining
21:24 Heavy Plow
27:46 Gold Shaft Mining
28:28 Murder Holes
30:28 Iron Casting
30:14 Chain Barding Armor
30:50 Hand Cart
34:39 Imperial Age
33:18 Chain Mail Armor
33:27 Town Watch
33:37 Gambesons
33:53 Squires
33:38 Arson
34:37 Bloodlines
34:27 Husbandry
34:32 Town Patrol
34:33 Stirrups
36:30 Blast Furnace
36:00 Plate Mail Armor
36:06 Plate Barding Armor
36:13 Bracer
36:55 Conscription
36:44 Elite Konnik
55:02 Bagains
66:12 Light Cavalry
67:20 Hussar
71:29 Pikeman
72:09 Halberdier
hoks
3:38 Loom
11:10 Wheelbarrow
13:15 Feudal Age
12:13 Double-Bit Axe
17:35 Castle Age
16:25 Bow Saw
16:46 Forging
16:44 Scale Barding Armor
17:06 Horse Collar
17:55 Cavalier
18:55 Husbandry
25:20 Gold Mining
28:16 Heavy Plow
28:55 Gold Shaft Mining
29:02 Hand Cart
31:12 Iron Casting
31:43 Burgundian Vineyards
31:54 Fletching
33:24 Two-Man Saw
35:47 Chain Barding Armor
38:45 Imperial Age
38:30 Bodkin Arrow
39:10 Paladin
39:12 Light Cavalry
41:02 Crop Rotation
39:56 Hussar
42:10 Plate Barding Armor
42:35 Blast Furnace
42:04 Conscription
42:26 Town Watch
49:42 Caravan
64:09 Pikeman
64:50 Squires
64:36 Arson
64:52 Scale Mail Armor
65:05 Sappers
65:27 Halberdier
68:08 Chain Mail Armor
69:24 Plate Mail Armor
74:03 Chemistry
Ragouter
5:27 Loom
10:31 Feudal Age
14:42 Wheelbarrow
14:49 Horse Collar
18:20 Castle Age
16:55 Double-Bit Axe
19:56 Bow Saw
22:08 Gold Mining
23:21 Fletching
27:21 Husbandry
27:32 Bloodlines
27:32 Scale Barding Armor
29:31 Chain Barding Armor
31:59 Circumnavigation
33:16 Ballistics
38:09 Imperial Age
38:03 Fortified Wall
39:03 Masonry
39:56 Chemistry
39:03 Siege Engineers
40:03 Chemistry
39:14 Masonry
42:28 Bodkin Arrow
42:34 Padded Archer Armor
43:08 Murder Holes
43:38 Bracer
43:53 Leather Archer Armor
43:09 Crossbowman
44:11 Thumb Ring
45:24 Hand Cart
45:07 Arbalester
46:53 Town Watch
48:16 Heavy Plow
50:53 Ring Archer Armor
59:40 Plate Barding Armor
59:22 Forging
59:19 Cavalier
61:07 Onager
65:07 Treadmill Crane
70:52 Pikeman
72:32 Iron Casting
71:58 Scale Mail Armor
Connection lost

Rejoining the realm…

Still unreachable

The connection could not be restored.

Session expired

The server has moved on; the page needs a fresh start.